 Dungeon Crawl Stone Soup version 0.24-a0-524-gf43b32f898 (webtiles) character file.

Game seed: 8439716861317073478

16268 Gynju the Grappler (level 12, -5/109 HPs)
             Began as a Troll Hunter on July 31, 2019.
             Was an Elder of Hepliaklqana.
             Slain by a swamp worm (23 damage)
             ... on level 1 of the Lair of Beasts.
             The game lasted 00:35:59 (12256 turns).

Gynju the Grappler (Troll Hunter)                  Turns: 12256, Time: 00:36:00

Health: -5/109     AC: 10    Str: 23    XL:     12   Next: 8%
Magic:  13/13      EV: 17    Int:  7    God:    Hepliaklqana [****..]
Gold:   610        SH:  0    Dex: 22    Spells: 11/11 levels left

rFire    . . .     SeeInvis .     - Unarmed
rCold    + . .     Gourm    +   (no shield)
rNeg     . . .     Faith    .   h - +2 robe {rC+}
rPois    +         Spirit   .   (helmet restricted)
rElec    .         Reflect  .   b - +1 cloak {rPois}
rCorr    .         Harm     .   (gloves unavailable)
MR       .....                  (boots unavailable)
Stlth    ++........             (no amulet)
HPRegen  0.68/turn              J - +4 ring of dexterity
MPRegen  0.13/turn              I - +4 ring of dexterity

@: about to teleport, very slow
A: large, unfitting armour, reduced essence, claws 3, fast metabolism 3,
gourmand, regeneration 1, shaggy fur 1, tough skin 3
a: Recall Ancestor, Ancestor Identity, Transference, Idealise, Renounce Religion


You were on level 1 of the Lair of Beasts.
You worshipped Hepliaklqana.
Hepliaklqana was greatly pleased with you.
You were completely stuffed.

You visited 2 branches of the dungeon, and saw 13 of its levels.
You also visited: Sewer.

You collected 610 gold pieces.

Inventory:

Missiles
 a - 289 stones (quivered)
 c - 10 large rocks
 d - 6 throwing nets
 s - 13 poisoned darts
 u - 12 boomerangs
 y - 10 boomerangs of dispersal
Armour
 b - a +1 cloak of poison resistance (worn)
 h - a +2 robe of cold resistance (worn)
 x - a +0 robe of fire resistance
 O - a +0 troll leather armour
 P - a scarf of cloud immunity
Jewellery
 g - an uncursed ring of flight
 v - an uncursed ring of wizardry
 F - an uncursed ring of protection from fire
 I - a +4 ring of dexterity (right claw)
 J - a +4 ring of dexterity (left claw)
 N - an uncursed ring of ice
Wands
 m - a wand of flame (16)
 B - a wand of digging (5)
 D - a wand of acid (9)
Scrolls
 e - 3 scrolls of enchant armour
 i - 5 scrolls of fear
 k - 10 scrolls of teleportation
 t - a scroll of blinking {unknown}
 A - 3 scrolls of amnesia
 C - a scroll of enchant weapon {unknown}
 E - a scroll of magic mapping
 G - 2 scrolls of acquirement {unknown}
 L - a scroll of fog
 M - a scroll of identify
 R - a scroll of remove curse
Potions
 j - 3 potions of heal wounds
 l - 3 potions of degeneration
 n - a potion of berserk rage
 o - 4 potions of lignification
 p - 7 potions of curing
 q - 4 potions of might
 r - 2 potions of brilliance
 w - a potion of invisibility
 z - 2 potions of mutation
 H - 2 potions of flight
 K - a potion of cancellation
Comestibles
 f - 19 rations
 Q - 4 chunks of flesh


   Skills:
 + Level 8.3 Fighting
 + Level 4.8 Throwing
 + Level 8.3 Dodging
 - Level 0.3 Stealth
 * Level 13.2 Unarmed Combat
 + Level 3.1 Invocations


You had 11 spell levels left.
You didn't know any spells.
Your spell library contained the following spells:

 Spells                   Type           Power        Failure   Level  Hunger
 Freeze                   Ice            #...         43%         1    ##.....
 Summon Small Mammal      Summ           #...         43%         1    ##.....
 Call Imp                 Summ           #.......     56%         2    ###....
 Throw Frost              Conj/Ice       #.....       56%         2    ###....
 Call Canine Familiar     Summ           #.......     80%         3    ####...
 Ozocubu's Armour         Chrm/Ice       #.......     80%         3    ####...
 Summon Guardian Golem    Hex/Summ       #.......     80%         3    ####...
 Summon Ice Beast         Ice/Summ       #.......     99%         4    #####..
 Summon Lightning Spire   Summ/Air       #.......     99%         4    #####..
 Throw Icicle             Conj/Ice       #.......     99%         4    #####..


Dungeon Overview and Level Annotations

Branches:
Dungeon (12/15)            Temple (0/1) D:7            Lair (1/6) D:11
    Orc (0/2) D:12

Altars:
Dithmenos
Elyvilon
Gozag
Hepliaklqana
Makhleb
Okawaru
Qazlal
Sif Muna
Trog
Yredelemnul
Zin
The Shining One

Annotations:
D:11 exclusion: 2 oklob plants


Innate Abilities, Weirdness & Mutations

You are too large for most types of armour.
You have claws for hands.
Your metabolism is lightning-fast.
You like to eat raw meat.
Your natural rate of healing is unusually fast.
You are covered in fur. (AC +1)
You have extremely tough skin. (AC +3)
Your life essence is reduced to manifest your ancestor. (-10% HP)


Message History

You mangle the swamp worm!!
You kill the swamp worm!
The swamp worm closely misses you. The swamp worm bites you!
* * * LOW HITPOINT WARNING * * *
The swamp worm barely misses you. The swamp worm barely misses you.
The swamp worm bites you.
* * * LOW HITPOINT WARNING * * *
The swamp worm misses you. The swamp worm barely misses you.
You see here a swamp worm corpse.
The swamp worm throws harpoon shot at you.
The harpoon shot misses you.
The swamp worm throws harpoon shot at you.
The harpoon shot misses you.
The swamp worm throws harpoon shot at you.
The harpoon shot misses you.
As you read the scroll of teleportation, it crumbles to dust.
You feel strangely unstable. The swamp worm closely misses you. x2
The swamp worm throws harpoon shot at you.
The harpoon shot misses you. The swamp worm bites you!!
You die...

### # ####.## ### #
##P....###≈# #
###.>.≈≈≈≈≈≈≈### ##
##...≈≈≈≈≈≈≈≈≈≈≈##
P####P..≈≈≈#######≈≈≈#
+.......≈≈##≈≈≈≈@#≈≈≈#
###.###.≈≈#)≈≈www≈P≈≈#
# ### #.≈≈##≈≈≈≈≈#P≈≈#
# #.≈≈≈#######≈≈≈# #
##P≈≈≈≈≈≈≈≈≈≈≈## #
####≈≈≈≈≈≈≈#P# #
##.....#### # #.#####
## ##.#


You could see 3 swamp worms.

Vanquished Creatures
  Josephine (D:11)
  Harold (D:11)
  2 two-headed ogres
  Pikel (D:7)
  A manticore (D:11)
  A gargoyle (D:12)
  A komodo dragon (Lair:1)
  3 trolls
  A hornet (D:9)
  9 blink frogs
  Sigmund (D:5)
  2 wraiths (D:10)
  14 yaks
  2 hungry ghosts
  A steam dragon (D:12)
  4 water moccasins
  A swamp worm (Lair:1)
  Edmund (D:5)
  An orc warrior (D:8)
  2 black bears
  2 sky beasts
  3 phantoms
  2 slaves (D:7)
  4 ogres
  3 ice beasts
  3 centaurs
  A crocodile (D:12)
  4 big kobolds
  5 bullfrogs
  A wyvern zombie (D:7)
  3 jellies
  5 scorpions
  7 killer bees (D:10)
  8 wights
  2 howler monkeys
  2 crimson imps
  A bullfrog zombie (D:8)
  2 quasits
  7 hounds
  3 orc priests
  Crazy Yiuf (D:5)
  2 centaur skeletons
  A centaur zombie (D:9)
  2 gnoll shamans (D:7)
  A bullfrog skeleton (D:8)
  7 orc wizards
  2 iguanas
  6 worker ants
  A hound skeleton (D:4)
  A hound zombie (D:8)
  A worker ant zombie (D:11)
  12 adders
  10 gnolls
  5 shadow imps
  An ooze (Sewer)
  4 worms (D:2)
  2 dart slugs
  8 leopard geckos
  26 orcs
  14 bats
  6 giant cockroaches
  4 goblins
  7 hobgoblins
  11 jackals
  10 kobolds
  7 quokkas
  2 ball pythons
  4 frilled lizards
  A jackal skeleton (D:5)
  3 quokka skeletons
  8 rats
  2 plants
290 creatures vanquished.

Vanquished Creatures (collateral kills)
  A two-headed ogre (D:8)
  A troll (D:11)
  Prince Ribbit (D:5)
  A yak (D:9)
  A phantom (D:7)
  A big kobold (D:6)
  A gnoll shaman (D:8)
  A quasit (D:9)
  An orc priest (D:7)
  A bullfrog skeleton (D:10)
  An orc wizard (D:10)
  A worker ant (D:5)
  A gnoll (D:7)
  2 leopard geckos
  4 orcs
  2 bats (Sewer)
  3 giant cockroaches (Sewer)
  A jackal (D:6)
  2 kobolds
27 creatures vanquished.

Vanquished Creatures (others)
  A phantom (D:7)
  9 hexers
  A bush (Lair:1)
  A plant (Lair:1)
12 creatures vanquished.

Grand Total: 329 creatures vanquished

Notes
Turn   | Place    | Note
-------+----------+-------------------------------------------
     0 | D:1      | Gynju the Troll Hunter began the quest for the Orb.
     0 | D:1      | Reached XP level 1. HP: 19/19 MP: 0/0
   131 | D:1      | Reached skill level 1 in Unarmed Combat
   132 | D:1      | Reached XP level 2. HP: 27/28 MP: 1/1
   750 | D:2      | Reached XP level 3. HP: 35/35 MP: 2/2
   783 | D:2      | Reached skill level 2 in Unarmed Combat
  1193 | D:2      | Reached XP level 4. HP: 38/42 MP: 3/3
  1252 | D:2      | Found a deep blue altar of Sif Muna.
  1978 | D:3      | Reached skill level 3 in Unarmed Combat
  1987 | D:3      | Reached XP level 5. HP: 50/50 MP: 4/4
  2767 | D:4      | Found a burning altar of Makhleb.
  2816 | D:4      | Reached skill level 4 in Unarmed Combat
  2837 | D:4      | Reached XP level 6. HP: 55/59 MP: 5/5
  3020 | D:5      | Entered Level 5 of the Dungeon
  3020 | D:5      | Noticed a sky beast
  3028 | D:5      | Noticed an ice beast
  3041 | D:5      | Killed a sky beast
  3043 | D:5      | Killed an ice beast
  3043 | D:5      | Reached skill level 5 in Unarmed Combat
  3079 | D:5      | Reached XP level 7. HP: 51/67 MP: 6/6
  3198 | D:5      | Found a basalt altar of Yredelemnul.
  3201 | D:5      | Found a hazy altar of Hepliaklqana.
  3204 | D:5      | Found an opulent altar of Gozag.
  3240 | D:5      | Became a worshipper of Hepliaklqana the Forgotten
  3351 | D:5      | Found a runed translucent door.
  3352 | D:5      | Noticed Crazy Yiuf
  3365 | D:5      | Killed Crazy Yiuf
  3433 | D:5      | Noticed Sigmund
  3461 | D:5      | Killed Sigmund
  3461 | D:5      | Reached skill level 6 in Unarmed Combat
  3520 | D:5      | Noticed Prince Ribbit
  3623 | D:5      | Found an iron altar of Okawaru.
  3745 | D:5      | Noticed Edmund
  3760 | D:5      | Killed Edmund
  3760 | D:5      | Reached XP level 8. HP: 22/70 MP: 7/7
  3887 | D:5      | Killed Prince Ribbit
  3887 | D:5      | Reached skill level 7 in Unarmed Combat
  3992 | D:6      | Found a glowing drain.
  4011 | Sewer    | Entered a sewer
  4318 | D:6      | Reached * piety under Hepliaklqana
  4800 | D:6      | Found a glowing silver altar of Zin.
  4800 | D:6      | Found a white marble altar of Elyvilon.
  4801 | D:6      | Found a glowing golden altar of the Shining One.
  4861 | D:6      | Reached skill level 8 in Unarmed Combat
  5010 | D:6      | Reached skill level 5 in Fighting
  5013 | D:6      | Reached skill level 5 in Dodging
  5134 | D:6      | Reached XP level 9. HP: 79/79 MP: 8/8
  5487 | D:7      | Reached ** piety under Hepliaklqana
  5488 | D:7      | Remembered your ancestor Aahotepre as a hexer
  5951 | D:7      | Reached skill level 9 in Unarmed Combat
  6031 | D:7      | Noticed Pikel
  6048 | D:7      | Killed Pikel
  6150 | D:7      | Found a staircase to the Ecumenical Temple.
  6439 | D:7      | Found a shadowy altar of Dithmenos.
  6499 | D:7      | Reached skill level 10 in Unarmed Combat
  6950 | D:8      | Reached XP level 10. HP: 48/88 MP: 9/9
  7079 | D:8      | Noticed a two-headed ogre
  7087 | D:8      | Killed a two-headed ogre
  7247 | D:8      | Reached *** piety under Hepliaklqana
  7471 | D:8      | Found a bloodstained altar of Trog.
  7990 | D:9      | Reached skill level 11 in Unarmed Combat
  8200 | D:9      | Found a stormy altar of Qazlal.
  8363 | D:9      | Noticed a two-headed ogre
  8369 | D:9      | Killed a two-headed ogre
  8980 | D:10     | Entered Level 10 of the Dungeon
  9251 | D:10     | Reached XP level 11. HP: 82/98 MP: 10/10
  9277 | D:10     | Reached **** piety under Hepliaklqana
  9693 | D:10     | Reached skill level 12 in Unarmed Combat
  9891 | D:11     | Noticed Josephine
 10139 | D:11     | Noticed Harold
 10155 | D:11     | Killed Harold
 10224 | D:11     | Found a staircase to the Lair.
 10416 | D:11     | Noticed a two-headed ogre
 10459 | D:10     | Killed a two-headed ogre
 10459 | D:10     | Reached skill level 1 in Invocations
 10518 | D:11     | Killed Josephine
 10788 | D:11     | Noticed an oklob plant
 11025 | D:11     | Noticed an oklob plant
 11272 | D:12     | Found a staircase to the Orcish Mines.
 11376 | D:12     | Noticed a centaur warrior
 11525 | Lair:1   | Entered Level 1 of the Lair of Beasts
 11721 | Lair:1   | HP: 4/99 [blink frog (11)]
 11755 | Lair:1   | HP: 1/99 [blink frog (14)]
 11757 | Lair:1   | Reached skill level 13 in Unarmed Combat
 12030 | D:11     | Reached XP level 12. HP: 69/108 MP: 13/13
 12256 | Lair:1   | Slain by a swamp worm

Levels and vault maps discovered:
D:1:      giann_horns, layout_basic, minmay_pentomino_r4
D:2:      layout_loops_ring, nicolae_overflow_crystal_walls, eino_tiny_chamber
D:3:      layout_loops_cross, first_ration
D:4:      layout_cave_pods, lemuel_coloured_pillars_altar
D:5:      layout_gridville, lemuel_round_altar, grunt_temple_overflow_diamond,
          uniq_crazy_yiuf_cottage, uniq_edmund, uniq_sigmund,
          uniq_prince_ribbit1
D:6:      layout_layer_cave, good_gods_temple_1, portal_sewer_entry_f,
          minmay_unpleasant_kobolds
D:7:      layout_gridville, grunt_dithmenos_shadows,
          minmay_temple_entry_glassed_door, uniq_pikel
D:8:      minmay_opposing_rooms, layout_basic, kennysheep_mini
D:9:      layout_cave_pods, grunt_qazlal_clouds
D:10:     layout_long_grid
D:11:     layout_roguey, dpeg_oklobed_lair, uniq_josephine, uniq_harold
D:12:     layout_cave_pods, orc_0_dummy, hangedman_little_slice_of_home
Lair:1:   layout_roguey, worms_lemuel

Skill      XL: |  1  2  3  4  5  6  7  8  9 10 11 12 |
---------------+-------------------------------------+-----
Unarmed Combat | 1 2 3 4 5 6 8 10 11 13 | 13.2
Dodging        | 2 3 4 5 6 7 8 |  8.3
Fighting       | 2 3 4 5 6 7 8 |  8.3
Invocations    | 2 3 |  3.1
Throwing       | 4 |  4.8
Stealth        | |  0.3

Action                   |  1- 3 |  4- 6 |  7- 9 | 10-12 || total
-------------------------+-------+-------+-------+-------++-------
Melee: Unarmed           |    91 |   134 |   315 |   460 ||  1000
       Punch             |       |     1 |    11 |    30 ||    42
Throw: Stone             |       |       |       |     6 ||     6
Invok: Recall Ancestor   |       |       |     4 |     1 ||     5
       Ancestor Identity |       |       |     1 |     1 ||     2
       Ancestor Life: He |       |       |     1 |       ||     1
Evoke: Wand              |       |       |       |     2 ||     2
  Use: Scroll            |       |    14 |     2 |     9 ||    25
       Potion            |       |       |       |     2 ||     2
 Stab: Sleeping          |       |       |     3 |     2 ||     5
       Confused          |       |       |     2 |       ||     2
       Distracted        |       |       |       |     4 ||     4
  Eat: Chunk             |    16 |    18 |    36 |    51 ||   121
Armor: Robe              |    32 |    51 |   103 |   112 ||   298
       Troll leather arm |       |       |       |     3 ||     3
Dodge: Dodged            |    41 |    67 |   175 |   304 ||   587

Table legend:
 A = Non-vault XP
 B = Vault XP
 C = Vault XP percentage of total XP
 D = Non-vault monster count
 E = Vault monster count
 F = Vault count percentage of total count
                 A         B        C        D         E       F
            +---------+---------+-------+---------+---------+-------
      Total |   18017 |    5223 |  22.5 |     263 |      50 |  16.0
            +---------+---------+-------+---------+---------+-------
        D:1 |      31 |       3 |   8.8 |      18 |       2 |  10.0
        D:2 |      95 |       0 |   0.0 |      20 |       0 |   0.0
        D:3 |      81 |       0 |   0.0 |      21 |       0 |   0.0
        D:4 |     263 |       0 |   0.0 |      12 |       0 |   0.0
        D:5 |     653 |     683 |  51.1 |      17 |       4 |  19.0
        D:6 |     793 |     403 |  33.7 |      21 |      10 |  32.3
        D:7 |    1360 |     790 |  36.7 |      29 |       2 |   6.5
        D:8 |    1960 |     646 |  24.8 |      31 |       8 |  20.5
        D:9 |    2396 |       0 |   0.0 |      20 |       0 |   0.0
       D:10 |    2817 |     434 |  13.3 |      28 |       2 |   6.7
       D:11 |    3183 |    2067 |  39.4 |      24 |       2 |   7.7
       D:12 |     981 |       0 |   0.0 |       7 |       0 |   0.0
     Lair:1 |    3404 |     162 |   4.5 |      15 |       1 |   6.2
      Sewer |       0 |      35 | 100.0 |       0 |      19 | 100.0
            +---------+---------+-------+---------+---------+-------
